 Dungeon Crawl Stone Soup version 0.29-a0-551-gffc1d7fb78 (webtiles) character file.

Game seed: 428420349054820851

3864 Crownlay the Thaumaturge (level 10, -6/59 HPs)
             Began as a Gargoyle Earth Elementalist on June 4, 2022.
             Was an Initiate of Vehumet.
             Mangled by Grum
             ... wielding a +0 trident
              (17 damage)
             ... on level 8 of the Dungeon on June 5, 2022.
             The game lasted 00:13:04 (9368 turns).

Crownlay the Thaumaturge (GrEE)                     Turns: 9368, Time: 00:13:05

Health: -6/59      AC: 11    Str: 12    XL:     10   Next: 19%
Magic:  4/23       EV: 12    Int: 20    God:    Vehumet [......]
Gold:   418        SH:  0    Dex: 16    Spells: 19/27 levels left

rFire   . . .      SeeInvis .   n - +5 dagger
rCold   . . .      Faith    .   (no shield)
rNeg    + . .      Spirit   .   b - +0 robe
rPois   ∞          Reflect  .   (no helmet)
rElec   +          Harm     .   (no cloak)
rCorr   .          Rampage  .   d - +1 Delatra's gloves {ID++}
Will    .....                   (no boots)
Stlth   ++........              (no amulet)
HPRegen 0.19/turn               h - +6 ring of dexterity
MPRegen 0.18/turn               v - ring of wizardry

@: studying Slings
A: sickness immunity, AC +7, negative energy resistance 1, electricity
resistance, torment resistance 1, petrification resistance
a: Renounce Religion


You were on level 8 of the Dungeon.
You worshipped Vehumet.
Vehumet was noncommittal.
You visited 2 branches of the dungeon, and saw 9 of its levels.

You collected 418 gold pieces.

Inventory:

Hand Weapons
 n - a +5 dagger (weapon)
Missiles
 a - 91 stones
Armour
 b - a +0 robe (worn)
 d - the +1 Delatra's gloves (worn) {ID++}
   (You found it on level 6 of the Dungeon)

   It heals its wearer when they drink unknown potions.
   It restores its wearer's MP when they read unknown scrolls.
 e - a +0 kite shield
Jewellery
 h - a +6 ring of dexterity (left hand)
 v - a ring of wizardry (right hand)
Wands
 u - a wand of iceblast (17)
Scrolls
 g - 2 scrolls of teleportation
 o - a scroll of poison
 p - 2 scrolls of blinking
 q - a scroll of fear {unknown}
 r - a scroll of fog {unknown}
 s - a scroll of enchant armour {unknown}
 t - a scroll of vulnerability {unknown}
 w - a scroll of brand weapon {unknown}
 x - a scroll of enchant weapon
 y - a scroll of noise {unknown}
Potions
 c - a potion of magic
 f - 2 potions of brilliance
 i - 2 potions of heal wounds {unknown}
 j - a potion of mutation {unknown}
 k - 2 potions of might
 l - a potion of curing {unknown}
 m - 3 potions of lignification {unknown}
 z - a potion of berserk rage {unknown}


   Skills:
 + Level 5.0 Fighting
 - Level 1.5 Dodging
 - Level 2.1 Stealth
 + Level 4.2 Shields
 * Level 9.2 Spellcasting
 + Level 5.0 Conjurations
 - Level 0.7 Transmutations
 * Level 9.1 Earth Magic


You had 19 spell levels left.
You knew the following spells:

 Your Spells              Type           Power      Damage    Failure   Level
a - Sandblast             Erth           90%        2d19      1%          1
b - Stone Arrow           Conj/Erth      74%        3d11      1%          3
c - Petrify               Tmut/Erth      29%        N/A       4%          4

Your spell library contained the following spells:

 Spells                   Type           Power      Damage    Failure   Level
 Shock                    Conj/Air       76%        1d7       1%          1
 Passwall                 Tmut/Erth      24%        N/A       1%          2
 Slow                     Hex            36%        N/A       3%          1
 Wereblood                Tmut           12%        N/A       3%          2
 Confusing Touch          Hex            9%         N/A       9%          3
 Inner Flame              Hex/Fire       9%         N/A       9%          3
 Swiftness                Air            9%         N/A       9%          3
 Vampiric Draining        Necr           9%         2d6       9%          3
 Airstrike                Air            4%         N/A       28%         4
 Cause Fear               Hex            4%         N/A       28%         4
 Summon Hydra             Summ           4%         N/A       100%        7
 Discord                  Hex            4%         N/A       100%        8
 Sublimation of Blood     Necr           Unusable   N/A       N/A         2

Dungeon Overview and Level Annotations

Branches:
Dungeon (8/15)             Temple (1/1) D:7
   Lair: D:8-11

Altars:
Cheibriados
Dithmenos
Elyvilon
Gozag
Hepliaklqana
Kikubaaqudgha
Makhleb
Nemelex Xobeh
Okawaru
Qazlal
Ru
Sif Muna
Trog
Uskayaw
Vehumet
Wu Jian
Xom
Yredelemnul
Zin
The Shining One

Annotations:
D:8 Grum


Innate Abilities, Weirdness & Mutations

You are immune to sickness and miasma.
Your stone body is resilient. (AC +7)
You are immune to poison.
You resist negative energy. (rN+)
You are resistant to electric shocks. (rElec)
You are resistant to unholy torment.
You are immune to petrification.


Message History

The blast of sand hits the wolf!!
The wolf is almost dead.
The wolf bites you. Grum closely misses you.
The blast of sand hits the wolf!!
You kill the wolf!
Vehumet accepts your kill.
Grum hits you from afar with a +0 trident!!
Grum misses you.
You see here a wolf corpse.
You hit Grum but do no damage.
Grum is severely wounded.
Grum closely misses you.
You hit Grum but do no damage.
Grum is severely wounded.
Grum closely misses you.
You hit Grum.
Grum is almost dead.
Grum barely misses you.
You barely miss Grum.
Grum is almost dead.
Grum closely misses you.
You hit Grum but do no damage.
Grum is almost dead.
Grum hits you with a +0 trident.
You hit Grum.
Grum is almost dead.
Grum hits you with a +0 trident!!
* * * LOW HITPOINT WARNING * * *
You barely miss Grum.
Grum is almost dead.
Grum hits you but does no damage.
Casting: Sandblast (safe; 1% risk of failure)
Confirm with . or Enter, or press ? or * to list all spells.
Aiming: Sandblast (safe; 1% risk of failure)
Press: ? - help, Shift-Dir - straight line, f - Grum
Aim: Grum, wielding a +0 trident and wearing the +3 ring mail of the Farmer {-Tele rC+ Int+6 Stlth+} (almost dead, 87% to hit)
The blast of sand hits Grum.
Grum is almost dead.
Grum hits you with a +0 trident!
You die...

....##...##.#.#
.............##.#....
.............#.#...#
..#....#............
#.#....#.###.......#
.####.. .......#.......#
.......###.#.###....)...
......g@)...............
.....#)#####.##.[#.##..#
..# ... ................
#.... ............#...
#....##.##.####......#
###..... #...........#
#...# #.####...#..#
....## #.####...##.#
#.....##.......###.#


You could see Grum.

Vanquished Creatures
  6 yaks
  A wyvern (D:8)
  A steam dragon (D:6)
  2 water moccasins (D:6)
  A sky beast (D:6)
  3 ice beasts
  A black bear (D:8)
  2 wolves (D:8)
  A centaur (D:5)
  2 ogres (D:5)
  2 phantoms
  A kobold brigand (D:6)
  3 bullfrogs
  2 necrophages
  3 scorpions
  3 wights (D:8)
  3 howler monkeys (D:7)
  A jelly (D:7)
  3 hounds
  4 orc priests
  Natasha (twice) (D:3)
  2 orc wizards
  3 iguanas
  8 gnolls
  10 adders
  A white imp (D:6)
  3 dart slugs
  29 orcs
  9 ball pythons
  3 endoplasms
  4 giant cockroaches
  6 goblins
  10 hobgoblins
  4 jackals
  13 kobolds
  3 quokkas
  4 bats
  A frilled lizard (D:3)
  8 rats
  A spectral kobold (D:1)
169 creatures vanquished.

Vanquished Creatures (others)
  25 fungi (D:7)
25 creatures vanquished.

Grand Total: 194 creatures vanquished

Notes
Turn   | Place    | Note
-------+----------+-------------------------------------------
     0 | D:1      | Crownlay the Gargoyle Earth Elementalist began the quest
                  | for the Orb.
     0 | D:1      | Reached XP level 1. HP: 10/10 MP: 3/3
   174 | D:1      | Reached XP level 2. HP: 15/15 MP: 1/5
   812 | D:1      | Reached XP level 3. HP: 9/19 MP: 7/7
  1172 | D:1      | Found a faded altar of an unknown god.
  2066 | D:2      | Reached XP level 4. HP: 13/24 MP: 3/9
  2279 | D:2      | Reached XP level 5. HP: 18/28 MP: 5/10
  2637 | D:2      | Learned a level 3 spell: Stone Arrow
  3082 | D:3      | Found a shimmering blue altar of Sif Muna.
  3156 | D:3      | Noticed Natasha
  3168 | D:3      | Killed Natasha
  3169 | D:3      | Reached skill level 5 in Earth Magic
  3660 | D:3      | Noticed Natasha
  3663 | D:3      | Killed Natasha
  3693 | D:3      | Reached XP level 6. HP: 32/32 MP: 9/13
  4075 | D:4      | Reached skill level 5 in Spellcasting
  4928 | D:4      | Found a glowing silver altar of Zin.
  4938 | D:4      | Found an ornate altar of the Wu Jian Council.
  4941 | D:4      | Found a stormy altar of Qazlal.
  4943 | D:4      | Found a white marble altar of Elyvilon.
  5159 | D:5      | Entered Level 5 of the Dungeon
  5165 | D:5      | Reached XP level 7. HP: 36/36 MP: 11/15
  5259 | D:5      | Learned a level 4 spell: Petrify
  5638 | D:5      | Upgraded the game from 0.29-a0-542-g075992c915 to
                  | 0.29-a0-551-gffc1d7fb78
  5782 | D:5      | Reached XP level 8. HP: 42/42 MP: 5/18
  5974 | D:5      | Reached skill level 1 in Fighting
  5974 | D:5      | Reached skill level 1 in Conjurations
  6476 | D:6      | Found the +1 Delatra's gloves {ID++}
  6614 | D:6      | Reached skill level 1 in Shields
  7027 | D:6      | Reached XP level 9. HP: 47/50 MP: 10/20
  8084 | D:7      | Found a staircase to the Ecumenical Temple.
  8090 | Temple   | Entered the Ecumenical Temple
  8132 | Temple   | Became a worshipper of Vehumet
  8298 | D:7      | Found an iron altar of Okawaru.
  8819 | D:8      | Reached XP level 10. HP: 58/58 MP: 4/22
  9209 | D:8      | Found a glowing golden altar of the Shining One.
  9225 | D:8      | Reached skill level 5 in Conjurations
  9347 | D:8      | Identified the +3 ring mail of the Farmer {-Tele rC+ Int+6
                  | Stlth+}
  9347 | D:8      | Noticed Grum
  9357 | D:8      | Reached skill level 5 in Fighting
  9368 | D:8      | Mangled by Grum

Illustrated notes

Levels and vault maps discovered:
D:1:      matt_arrival_refuge, layout_rooms,
          dreamdust_ecumenical_altar_drowned_temple, minmay_fountain_box
D:2:      layout_loops_ring
D:3:      layout_loops_ring, lemuel_blue_sif_altar, minmay_misc_feat_chi,
          uniq_natasha
D:4:      layout_basic, minitemple
D:5:      layout_rooms, minmay_misc_feat_columns, nicolae_sextant,
          minmay_misc_feat_roman
D:6:      layout_basic
D:7:      layout_loops_cross, mainiacjoe_overflow_cross_hatched,
          minmay_temple_entry_enclosed_plants, feat_on_display
D:8:      layout_basic, kennysheep_mini_moat, nicolae_benzene_ring,
          supply_closet_lemuel, roderic_lattice_a, uniq_grum
Temple:   cyrus_circular_temple

Skill      XL: |  1  2  3  4  5  6  7  8  9 10 |
---------------+-------------------------------+-----
Earth Magic    | 4 5 6 7 8 9 |  9.1
Spellcasting   | 3 4 5 6 7 8 9 |  9.2
Fighting       | 3 4 5 |  5.0
Conjurations   | 3 4 5 |  5.0
Shields        | 1 3 4 |  4.2
Dodging        | |  1.5
Stealth        | |  2.1
Transmutations | |  0.7

Action                   |  1- 3 |  4- 6 |  7- 9 | 10-12 || total
-------------------------+-------+-------+-------+-------++-------
Melee: Dagger            |   101 |   103 |       |     8 ||   212
       Punch             |     1 |     2 |       |       ||     3
 Cast: Sandblast         |    29 |    38 |   100 |    20 ||   187
       Stone Arrow       |       |       |    47 |    17 ||    64
  Use: Scroll            |       |     4 |     5 |       ||     9
 Stab: Sleeping          |     1 |     5 |       |       ||     6
Armor: Robe              |    40 |    41 |    13 |     5 ||    99
Dodge: Dodged            |   116 |    64 |    33 |    18 ||   231

Table legend: (Time is in decaauts)
 A = Elapsed time spent in this place.
 B = Non-inter-level travel time spent in this place.
 C = Inter-level travel time spent in this place.
 D = Time resting spent in this place.
 E = Time spent auto-exploring this place.
 F = Levels seen in this place.
 G = Mean time per level.
                   A        B        C        D        E       F      G
               +--------+--------+--------+--------+--------+-----+--------+
         Total |   9374 |   9218 |    156 |    104 |   8089 |   9 | 1041.6 |
       Dungeon |   9318 |   9174 |    144 |    104 |   8063 |   8 | 1164.8 |
        Temple |     55 |     43 |     12 |      0 |     26 |   1 |   55.0 |
               +--------+--------+--------+--------+--------+-----+--------+

Top non-repeatable levels by time:
     D:6: 1518 daAuts
     D:1: 1385 daAuts
     D:2: 1342 daAuts
     D:3: 1292 daAuts
     D:4: 1143 daAuts
     D:5: 1078 daAuts
     D:7: 983 daAuts
     D:8: 573 daAuts
  Temple: 55 daAuts
